 Dungeon Crawl Stone Soup version 0.21-a0-450-gd87a9b2 (webtiles) character file.

165 esteth the Covert (level 5, 0/24 HPs)
             Began as a Spriggan Enchanter on Nov 19, 2017.
             Succumbed to a worker ant's poison
             ... on level 4 of the Dungeon.
             The game lasted 00:07:19 (3961 turns).

esteth the Covert (Spriggan Enchanter)              Turns: 3961, Time: 00:07:20

Health: 0/24       AC:  4    Str:  4    XL:     5   Next: 22%
Magic:  1/10       EV: 18    Int: 16    God:
Gold:   158        SH:  0    Dex: 18    Spells: 6/9 levels left

rFire    . . .     SeeInvis +   a - +1 dagger
rCold    . . .     Gourm    .   (shield restricted)
rNeg     + . .     Faith    .   b - +0 robe
rPois    .         Spirit   .   (helmet restricted)
rElec    .         Reflect  .   (no cloak)
rCorr    .         Harm     .   (gloves unavailable)
MR       .....                  (boots unavailable)
Stlth    ++++......             (no amulet)
HPRegen  0.08/turn              f - ring of positive energy
MPRegen  0.12/turn              (no ring)

@: lethally poisoned (0 -> -12), very slightly contaminated, very quick
A: unfitting armour, molten scales 1, see invisible, deterioration 1, herbivore
3, speed 3, slow metabolism 2, no potion heal 1
a: no special abilities


You were on level 4 of the Dungeon.
You were near starving.

You visited 1 branch of the dungeon, and saw 4 of its levels.

You collected 158 gold pieces.

Inventory:

Hand Weapons
 a - a +1 dagger (weapon)
 p - a +0 hunting sling
Missiles
 g - 5 curare-tipped needles
Armour
 b - a +0 robe (worn)
 r - a cursed +0 robe
Jewellery
 f - a ring of positive energy (left hand)
Scrolls
 e - a scroll of magic mapping {unknown}
 h - a scroll of amnesia {unknown}
 i - 2 scrolls of identify {unknown}
 j - 4 scrolls of teleportation {unknown}
 k - a scroll of random uselessness {unknown}
 l - a scroll of fear {unknown}
 m - a scroll of immolation {unknown}
 n - a scroll of fog {unknown}
 o - a scroll of enchant weapon {unknown}
Books
 c - a book of Maledictions

   Spells                             Type                      Level
   a - Corona                         Hexes                        1
   b - Ensorcelled Hibernation        Hexes/Ice                    2
   c - Confuse                        Hexes                        3
   d - Tukima's Dance                 Hexes                        3
   e - Dazzling Spray                 Conjuration/Hexes            3
Comestibles
 d - 5 bread rations
 q - a royal jelly


   Skills:
 - Level 1.1 Short Blades
 - Level 3.0 Dodging
 + Level 9.2 Stealth
 - Level 2.6 Spellcasting
 - Level 3.6 Hexes


You had 6 spell levels left.
You knew the following spells:

 Your Spells              Type           Power        Failure   Level  Hunger
a - Corona                Hex            ##.....      4%          1    #......
b - Ensorcelled Hibernat  Hex/Ice        #.....       14%         2    ##.....


Dungeon Overview and Level Annotations

Branches:
Dungeon (4/15)
 Temple: D:4-7

Altars:
The Shining One

Annotations:
D:3 Autsider's ghost, amateur CeAM


Innate Abilities, Weirdness & Mutations

You are very small and have problems with some larger weapons.
You are too small for most types of armour.
You have supernaturally acute eyesight. (SInv)
You are a herbivore.
You cover ground extremely quickly.
You need consume almost no food.
You are partially covered in molten scales. (AC +2)
Your body sometimes deteriorates upon taking damage.
Potions are less effective at restoring your health.


Message History

You feel sick. The worker ant barely misses you.
You hit the worker ant.
The worker ant is lightly wounded.
You feel sick. The worker ant barely misses you.
You hit the worker ant but do no damage.
The worker ant is lightly wounded.
The worker ant bites you.
You are lethally poisoned!
The worker ant poisons you!
You feel sick.
You feel sick.
You open the door.
You feel sick. The worker ant bites you!
* * * LOW HITPOINT WARNING * * *
There is an open door here.
* * * LOW HITPOINT WARNING * * *
You feel sick.
You aren't carrying any potions.
* * * LOW HITPOINT WARNING * * *
You feel sick.
You die...

#.......#.....##.####.#
#.#####.#...#.##....#.# #.#
#.##.##.......#.. #.#
#.....#.......##.
#.########### #.......
#######.#.........# #.......
#.......#.........# #.......
#../....#.........# #.......
#.......'a..@.....+ .........
#.......#.........#.###......
#.......#.........# ........
#.......########### ...#.###
#.......# +. #########


You could see a worker ant.

Vanquished Creatures
  2 hounds
  A hound skeleton (D:4)
  3 adders
  An ooze (D:1)
  2 worms
  2 dart slugs
  4 leopard geckos
  2 giant cockroaches
  10 goblins
  7 hobgoblins
  4 kobolds
  5 bats
  2 frilled lizards
  A jackal skeleton (D:4)
  3 rats
49 creatures vanquished.

Notes
Turn   | Place    | Note
-------+----------+-------------------------------------------
     0 | D:1      | esteth the Spriggan Enchanter began the quest for the Orb.
     0 | D:1      | Reached XP level 1. HP: 9/9 MP: 5/5
   407 | D:1      | Reached skill level 5 in Stealth
   685 | D:1      | Reached XP level 2. HP: 8/13 MP: 6/6
   689 | D:1      | Learned a level 2 spell: Ensorcelled Hibernation
  1313 | D:1      | Reached skill level 6 in Stealth
  2100 | D:2      | Reached XP level 3. HP: 16/16 MP: 8/8
  2435 | D:2      | Reached skill level 7 in Stealth
  2964 | D:2      | Found a glowing golden altar of the Shining One.
  3323 | D:3      | Reached XP level 4. HP: 18/21 MP: 9/9
  3351 | D:3      | Gained mutation: Potions are less effective at restoring your health. [potion of mutation]
  3351 | D:3      | Gained mutation: Your body sometimes deteriorates upon taking damage. [potion of mutation]
  3351 | D:3      | Gained mutation: You are partially covered in molten scales. (AC +2) [potion of mutation]
  3564 | D:3      | Reached skill level 8 in Stealth
  3631 | D:3      | Noticed Autsider's ghost (amateur CeAM)
  3859 | D:4      | Reached skill level 9 in Stealth
  3859 | D:4      | Reached XP level 5. HP: 24/24 MP: 5/10
  3871 | D:4      | Noticed a phantom
  3959 | D:4      | HP: 1/24 [poisoned by a worker ant]
  3961 | D:4      | Succumbed to a worker ant's poison

Vault maps used:
D:1:      dpeg_arrival_arbitrary_a
D:2:      tso_altar, first_bread, grunt_decor_resistance
D:3:      kiku_gazebo_pond_becter, vehumet_crystals,
          cheibrodos_sewer_entry_drain, serial_forest,
          infiniplex_forest_clump_curved, infiniplex_forest_clump_curved,
          infiniplex_forest_clump_large, infiniplex_forest_lined_2,
          infiniplex_forest_pool, infiniplex_forest_clump_medium,
          infiniplex_forest_clump_large, uniq_robin
D:4:      kennysheep_the_goblin_king, kennysheep_small_square, uniq_menkaure

Skill      XL: |  1  2  3  4 |
---------------+-------------+-----
Stealth        | 5 6 7 9 |  9.2
Short Blades   | |  1.1
Dodging        | |  3.0
Spellcasting   | |  2.6
Hexes          | |  3.6

Action                   |  1- 3 |  4- 6 || total
-------------------------+-------+-------++-------
Melee: Dagger            |   216 |    29 ||   245
 Cast: Ensorcelled Hiber |       |     9 ||     9
  Use: Potion            |       |     3 ||     3
 Stab: Sleeping          |     9 |     6 ||    15
       Distracted        |     2 |     1 ||     3
Armor: Robe              |    21 |     3 ||    24
Dodge: Dodged            |   182 |    22 ||   204

Table legend:
 A = Spawn XP
 B = Non-spawn XP
 C = Spawn XP percentage of total XP
 D = Spawn monster count
 E = Non-spawn monster count
 F = Spawn count percentage of total count
 G = Total turns spent on level
                    A         B        C        D         E        F      G
               +---------+---------+-------+---------+---------+-------+---------
         Total |       0 |     237 |   0.0 |       0 |      49 |   0.0 |  3961
               +---------+---------+-------+---------+---------+-------+---------
           D:1 |       0 |      38 |   0.0 |       0 |      18 |   0.0 |  2067
           D:2 |       0 |      54 |   0.0 |       0 |      19 |   0.0 |  1243
           D:3 |       0 |      59 |   0.0 |       0 |       4 |   0.0 |   322
           D:4 |       0 |      86 |   0.0 |       0 |       8 |   0.0 |   329
               +---------+---------+-------+---------+---------+-------+---------
